Map: 幽暗之塔

Players

Rex - Winner!

  • Race: Zerg Zerg
  • League: Grandmaster

Expect

  • Race: Terran Terran
  • League: Master

Event: 2016 WCS Winter Challenger Taiwan

VOD

Have the link to the VOD?

Description

Time

  • Played on: Jan. 16, 2016, 5:30 a.m.
  • Length: 7:59

All games in this series

Show
View Real Time Build Order
Export as new Build Order

Rex Zerg - Winner!

Build Orders: Hatch First 

Get SALT Encoding   

  12  0:01  Drone  
  13  0:08  Drone  
  14  0:17  Overlord  
  14  0:25  Drone, Extractor  
  15  0:37  Drone x2  
  17  0:55  Hatchery  
  16  0:58  Drone  
  17  1:06  Drone  
  17  1:09  Extractor  
  17  1:19  Spawning Pool  
  17  1:22  Drone  
  17  1:26  Drone  
  17  1:30  Drone  
  19  1:39  Drone  
  20  1:48  Overlord, Extractor  
  19  2:05  Queen  
  19  2:06  Zergling x2  
  22  2:08  Queen  
  22  2:10  Zergling x2  
  22  2:15  Metabolic Boost  
  25  2:23  Drone x2  
  25  2:25  Drone  
  28  2:39  Drone  
  28  2:40  Drone  
  28  2:42  Queen  
  32  2:52  Overlord  
  32  2:53  Drone  
  32  2:55  Drone  
  32  2:57  Drone  
  35  3:02  Drone  
  36  3:09  Overlord  
  35  3:21  Zergling x4  
  35  3:22  Zergling x4  
  35  3:23  Drone x3  
  35  3:24  Drone  
  43  3:37  Hatchery  
  42  3:42  Drone  
  42  3:43  Drone  
  42  3:47  Drone  
  42  3:48  Drone  
  46  3:49  Roach Warren  
  46  3:50  Drone  
  46  3:56  Drone x2  
  46  3:58  Drone  
  46  3:59  Drone  
  49  4:04  Drone  
  49  4:05  Drone  
  49  4:07  Extractor  
  50  4:14  Zergling x2  
  51  4:22  Drone  
  51  4:23  Drone  
  50  4:31  Drone x2  
  50  4:35  Lair, Spore Crawler  
  50  4:38  Overlord  
  49  4:40  Drone x2  
  49  4:41  Extractor  
  49  4:44  Queen  
  52  4:48  Overlord x2  
  52  4:49  Overlord  
  52  4:51  Queen  
  54  4:56  Roach x4  
  54  4:59  Drone x2  
  64  5:01  Drone  
  64  5:04  Spore Crawler  
  64  5:08  Drone x2  
  66  5:16  Drone x2  
  68  5:24  Queen  
  68  5:28  Drone x2, Queen  
  71  5:31  Extractor  
  71  5:32  Drone, Overseer  
  71  5:33  Drone  
  74  5:36  Roach x3  
  74  5:40  Drone  
  81  5:45  Drone  
  81  5:47  Roach x2  
  81  5:49  Roach  
  88  5:54  Roach  
  88  5:55  Overlord  
  90  5:58  Overlord, Nydus Network  
  89  6:12  Overlord x2  
  89  6:13  Overlord x3  
  87  6:27  Overlord, Drone  
  87  6:28  Drone  
  87  6:32  Roach  
  91  6:33  Roach x6  
  101  6:46  Roach x2  
  105  6:47  Nydus Canal  
  105  6:49  Roach  
  105  6:50  Roach x4  
  105  6:52  Roach  
  105  6:53  Roach  
  119  6:55  Overseer  
  119  6:56  Roach  
  119  7:00  Roach  
  119  7:01  Roach  
  125  7:02  Roach  
  125  7:06  Roach x2  
  131  7:10  Roach  
  131  7:19  Roach x2  
  125  7:23  Roach x2  
  129  7:36  Roach x6  
  129  7:39  Roach  
  125  7:45  Drone  
  133  7:53  Nydus Canal  
Show
View Real Time Build Order
Export as new Build Order

Expect Terran 

Build Orders: Reaper Expand, Hellion Banshee 

Get SALT Encoding   

  12  0:00  SCV  
  13  0:12  SCV  
  14  0:18  Supply Depot  
  14  0:25  SCV  
  15  0:40  Barracks, SCV  
  16  0:44  Refinery  
  16  0:52  SCV  
  17  1:04  SCV  
  18  1:16  SCV  
  19  1:28  Reaper  
  19  1:29  Orbital Command  
  20  1:42  Command Center  
  20  1:54  Supply Depot  
  20  1:55  SCV  
  20  2:00  Reaper  
  22  2:07  SCV  
  23  2:19  SCV  
  23  2:22  Factory  
  24  2:31  SCV  
  25  2:37  Refinery  
  25  2:43  SCV  
  26  2:48  Barracks Reactor  
  26  2:55  Orbital Command  
  26  2:56  SCV  
  27  3:07  Command Center  
  27  3:08  SCV  
  28  3:17  Starport  
  28  3:20  SCV  
  28  3:21  SCV  
  30  3:30  Hellion x2, Marine  
  30  3:32  SCV  
  36  3:36  SCV  
  37  3:41  Supply Depot  
  37  3:44  SCV  
  37  3:48  SCV  
  39  3:52  Hellion x2  
  39  3:53  Barracks Tech Lab  
  39  3:54  Starport Tech Lab  
  43  3:56  SCV  
  44  4:03  SCV  
  44  4:05  Supply Depot  
  44  4:08  SCV  
  46  4:14  Banshee, Hellion x2  
  47  4:27  SCV  
  48  4:42  Cloaking Field  
  48  4:48  Hellion x2  
  48  4:49  Marine  
  53  4:55  Orbital Command  
  53  5:01  Banshee  
  53  5:03  SCV x2  
  58  5:10  Marine  
  58  5:11  Stimpack  
  59  5:14  Hellion x2  
  59  5:18  SCV x2  
  65  5:29  SCV  
  65  5:30  SCV x2  
  68  5:36  Hellion x2  
  68  5:41  SCV, Barracks  
  68  5:42  SCV, Barracks  
  72  5:56  Marine  
  73  6:00  SCV x2  
  73  6:02  SCV  
  76  6:04  Barracks x2, Engineering Bay  
  76  6:05  Supply Depot  
  76  6:07  Supply Depot  
  76  6:08  Factory Tech Lab  
  76  6:14  SCV  
  76  6:18  Refinery  
  77  6:21  Engineering Bay  
  77  6:27  SCV x2  
  77  6:37  Siege Tank  
  77  6:39  Barracks Tech Lab  
  80  6:41  SCV x2  
  80  6:43  Orbital Command  
  80  6:46  Starport Reactor  
  83  6:49  Refinery  
  82  6:54  Marine x2  
  82  6:55  Marine  
  82  6:59  SCV x2  
  87  7:02  Supply Depot x2  
  83  7:12  Marine x3  
  83  7:14  SCV x3  
  69  7:19  Siege Tank  
  69  7:21  Marine  
  59  7:26  SCV x3  
  58  7:30  Marine x3  
  50  7:38  SCV  
  50  7:39  SCV  
  50  7:40  SCV  
Tags
 
Add a new tag
Caveats
  • Supply blocks, unpowered buildings, or Contaminate may cause inaccurate times.
  • Supply counts are checked every 10 seconds.